 Dungeon Crawl Stone Soup version 0.25.1-2-g60ff931df9 (webtiles) character file.

Game seed: 2774969971441036261

704 Foxap the Vandal (level 7, -1/46 HPs)
             Began as a Halfling Hunter on Sept 1, 2020.
             Was a Believer of Wu Jian.
             Slain by viperstalker's ghost (10 damage)
             ... on level 5 of the Dungeon.
             The game lasted 00:58:19 (5403 turns).

Foxap the Vandal (Halfling Hunter)                  Turns: 5403, Time: 00:58:21

Health: -1/46      AC:  6    Str: 15      XL:     7   Next: 99%
Magic:  0/7        EV: 14    Int:  9      God:    Wu Jian [**....]
Gold:   199        SH:  0    Dex:  8 (15) Spells: 6/6 levels left

rFire    . . .     SeeInvis .   n - +3 long sword
rCold    . . .     Gourm    .   (shield restricted)
rNeg     . . .     Faith    .   c - +1 leather armour
rPois    .         Spirit   +   (no helmet)
rElec    .         Reflect  .   l - +1 cloak
rCorr    .         Harm     .   (no gloves)
MR       .....                  (no boots)
Stlth    +.........             k - amulet of guardian spirit
HPRegen  0.15/turn              (no ring)
MPRegen  0.10/turn              (no ring)

@: about to teleport
A: small, mutation resistance 1, sense surroundings 1, MP-powered wands
a: Wall Jump, Renounce Religion


You were on level 5 of the Dungeon.
You worshipped Wu Jian.
Wu Jian was pleased with you.
You were hungry.

You visited 1 branch of the dungeon, and saw 5 of its levels.

You collected 199 gold pieces.

Inventory:

Hand Weapons
 a - a +1 hunting sling
 b - a +0 short sword
 e - a +0 halberd
 h - a +0 hunting sling
 j - a +0 whip
 n - a +3 long sword (weapon)
 o - a +0 hand axe
 v - a +0 short sword
 w - a +0 mace
Missiles
 d - 8 sling bullets
 g - 72 bolts
 p - 71 arrows
 r - 76 stones (quivered)
 u - 3 datura-tipped darts
Armour
 c - a +1 leather armour (worn)
 l - a +1 cloak (worn)
 t - a +0 robe
 x - a +0 plate armour
 y - the +3 ring mail of Repulsion {Dex+5, unknown}
   (You found it on level 4 of the Dungeon)

   It affects your dexterity (+5).
 z - a scarf of resistance
Jewellery
 k - an amulet of guardian spirit (around neck)
 C - an uncursed ring of magical power {unknown}
Scrolls
 i - 2 scrolls of teleportation
 m - 5 scrolls of identify
 q - 2 scrolls of fog
 s - 5 scrolls of remove curse
 A - 2 scrolls of enchant weapon
Potions
 B - a potion of curing
 D - a potion of lignification {unknown}
Comestibles
 f - 2 rations


   Skills:
 + Level 3.2 Fighting
 + Level 5.0 Long Blades
 + Level 7.2(7.5) Slings
 + Level 2.0(3.7) Throwing
 + Level 2.4 Armour
 + Level 3.3 Dodging
 + Level 2.2 Stealth


You had 6 spell levels left.
You didn't know any spells.
Your spell library was empty.

Dungeon Overview and Level Annotations

Branches:
Dungeon (5/15)
 Temple: D:4-7

Altars:
Ashenzari
Wu Jian

Annotations:
D:5 1 transporter, viperstalker's ghost, novice CeFi


Innate Abilities, Weirdness & Mutations

You are small and have problems with some larger weapons.
You are somewhat resistant to further mutation.
You passively map a small area around you.
You expend magic power (3 MP) to strengthen your wands.


Message History

Viperstalker's ghost closely misses you.
You riposte.
You hit viperstalker's ghost.
Viperstalker's ghost is lightly damaged.
The quasit misses you. The quasit barely misses you. The quasit claws you.
* * * LOW HITPOINT WARNING * * *
The quasit barely misses you. The quasit closely misses you.
The quasit claws you but does no damage.
You hit viperstalker's ghost.
Viperstalker's ghost is lightly damaged.
The quasit bites you but does no damage.
The quasit claws you but does no damage.
The quasit misses you.
The quasit bites you but does no damage.
The quasit closely misses you. x3
The quasit claws you but does no damage.
The quasit barely misses you.
The quasit bites you but does no damage.
The quasit barely misses you. The quasit closely misses you.
Viperstalker's ghost hits you!
You die...

.....# #.# ##.# #...
.....### #.## ##.# ##..
.......######..########..#
##.
.....#..................##
## .....#...####.©.####..###
.......###..#####..##.##
......##..#..?(.....#..#
....#.#....###=55##.##.##
.)....##.#.....#@5...#..#
#.###..#...#..©5W##.©#..#
..####.#5.##..#......#..#
...# #.#....#...#...##..#
####### ...#
#.##..W...#....#...###......
...#
#..##.###..#####.#..##......
...#
##..###©####................
...#
##............##...##......
...#
#####.#...##.##.#.##......


You could see 4 quasits and viperstalker's ghost.

Vanquished Creatures
  An ice beast (D:5)
  2 ogres (D:4)
  A water moccasin skeleton (D:4)
  A crimson imp (D:5)
  A hound (D:5)
  A jelly (D:5)
  2 worker ants (D:4)
  An iguana (D:5)
  A hound skeleton (D:4)
  7 gnolls
  7 adders
  An adder zombie (D:5)
  An adder skeleton (D:4)
  A dart slug (D:3)
  3 leopard geckos
  5 orcs (D:4)
  2 ball pythons
  3 giant cockroaches
  10 goblins
  5 hobgoblins
  4 jackals
  4 kobolds
  2 quokkas
  5 bats
  3 frilled lizards
  A jackal zombie (D:5)
  A leopard gecko skeleton (D:5)
  11 rats
87 creatures vanquished.

Notes
Turn   | Place    | Note
-------+----------+-------------------------------------------
     0 | D:1      | Foxap the Halfling Hunter began the quest for the Orb.
     0 | D:1      | Reached XP level 1. HP: 14/14 MP: 1/1
    30 | D:1      | test
    50 | D:1      | Reached skill level 6 in Slings
   151 | D:1      | Reached XP level 2. HP: 19/19 MP: 2/2
   570 | D:2      | Reached XP level 3. HP: 24/24 MP: 3/3
   586 | D:2      | Reached skill level 7 in Slings
   611 | D:2      | Found a faded altar of an unknown god.
   868 | D:2      | Reached XP level 4. HP: 22/29 MP: 4/4
  1230 | D:2      | Became a worshipper of the Wu Jian Council
  1230 | D:2      | Reached * piety under Wu Jian
  1783 | D:1      | Reached skill level 1 in Long Blades
  1833 | D:1      | Reached skill level 1 in Armour
  2615 | D:3      | Reached XP level 5. HP: 19/34 MP: 5/5
  3266 | D:3      | Reached skill level 1 in Throwing
  3687 | D:3      | Found a shattered altar of Ashenzari.
  3927 | D:4      | Got a blackened ring mail
  3959 | D:4      | Reached XP level 6. HP: 35/40 MP: 4/6
  3971 | D:4      | Reached ** piety under Wu Jian
  4296 | D:4      | Noticed an ogre
  4303 | D:4      | Killed an ogre
  4327 | D:4      | Reached XP level 7. HP: 39/45 MP: 7/7
  4350 | D:4      | Gained mutation: You passively map a small area around you.
                  | [potion of mutation]
  4350 | D:4      | Gained mutation: You expend magic power (3 MP) to
                  | strengthen your wands. [potion of mutation]
  4789 | D:5      | Entered Level 5 of the Dungeon
  4930 | D:5      | Found a transporter.
  4933 | D:5      | Noticed viperstalker's ghost (novice CeFi)
  4992 | D:5      | Found a transporter.
  5152 | D:5      | Reached skill level 5 in Long Blades
  5403 | D:5      | Slain by viperstalker's ghost

Illustrated notes

#+### ##
#.#@#♣♣♣♣♣#.#
#............
#..♣..♣.♣..♣.
#≈#♣♣..≈..♣♣#
#≈#P♣.≈≈≈.♣P#
#≈#<..≈8≈..>#
#≈#P♣.≈≈≈.♣P#
#≈#♣♣..≈..♣ #
#. ♣..♣.♣..♣


Turn 30 on D:1: test

Levels and vault maps discovered:
D:1:      tarquinn_simple_flora_water_b, layout_basic, minmay_tetromino_o2
D:2:      layout_basic, chequers_ecumenical_altar_island, first_ration,
          serial_bayou_ford_a, grunt_decor_mini_mirrors,
          minmay_indecisive_spiral
D:3:      layout_loops_ring, nicolae_ru_path_of_blood, marbit_many_paths,
          grunt_ministairs_6
D:4:      layout_basic
D:5:      layout_rooms, gammafunk_ghost_stat_death

Skill      XL: |  1  2  3  4  5  6  7 |
---------------+----------------------+-----
Slings         | 6 7 |  7.2
Fighting       | 2 3 |  3.2
Long Blades    | 1 2 3 5 |  5.0
Armour         | 1 2 |  2.4
Throwing       | 1 2 |  2.0
Stealth        | 2 |  2.2
Dodging        | 3 |  3.3

Action                   |  1- 3 |  4- 6 |  7- 9 || total
-------------------------+-------+-------+-------++-------
Melee: Short sword       |    39 |       |       ||    39
       Long sword        |    16 |   152 |    60 ||   228
 Fire: Hunting sling     |    34 |       |       ||    34
Throw: Stone             |    16 |    36 |    12 ||    64
Invok: Lunge             |       |     9 |     1 ||    10
       Whirlwind         |       |     7 |     4 ||    11
  Use: Potion            |     1 |     8 |     1 ||    10
       Scroll            |     2 |     8 |     1 ||    11
 Stab: Sleeping          |       |     1 |       ||     1
  Eat: Ration            |       |     3 |     1 ||     4
Armor: Leather armour    |     4 |    37 |    44 ||    85
Dodge: Dodged            |    28 |   132 |   113 ||   273
       Rpst.: Long sword |     6 |    36 |    27 ||    69
